 Dungeon Crawl Stone Soup version 0.21.1-1-g345015fe64 (webtiles) character file.

2509 yashaT the Cleaver (level 9, -2/79 HPs)
             Began as a Minotaur Gladiator on June 6, 2018.
             Was a Follower of Elyvilon.
             Slain by a red ugly thing (22 damage)
             ... on level 7 of the Dungeon.
             The game lasted 00:30:46 (7103 turns).

yashaT the Cleaver (Minotaur Gladiator)             Turns: 7103, Time: 00:30:46

Health: -2/79      AC:  6    Str: 20    XL:     9   Next: 28%
Magic:  8/8        EV: 15    Int:  5    God:    Elyvilon [*.....]
Gold:   350        SH:  0    Dex: 14    Spells: 8/8 levels left

rFire    . . .     SeeInvis +   D - +1 hand axe (freeze)
rCold    + . .     Gourm    .   (no shield)
rNeg     . . .     Faith    .   b - +0 leather armour
rPois    .         Spirit   .   c - +0 hat
rElec    .         Reflect  .   x - +0 cloak
rCorr    .         Harm     .   k - +0 pair of gloves
MR       .....                  (no boots)
Stlth    +.........             (no amulet)
HPRegen  0.23/turn              m - ring of see invisible
MPRegen  0.11/turn              u - ring of protection from cold

@: about to teleport
A: retaliatory headbutt, horns 2
a: Lesser Healing, Divine Protection, Renounce Religion


You were on level 7 of the Dungeon.
You worshipped Elyvilon.
Elyvilon was aware of your devotion.
You were not hungry.

You visited 2 branches of the dungeon, and saw 9 of its levels.

You collected 350 gold pieces.

Inventory:

Hand Weapons
 D - a +1 hand axe of freezing (weapon)
Missiles
 d - 2 throwing nets (quivered)
Armour
 b - a +0 leather armour (worn)
 c - a +0 hat (worn)
 k - a +0 pair of gloves (worn)
 x - a +0 cloak (worn)
Jewellery
 m - a ring of see invisible (left hand)
 o - an uncursed ring of ice
 u - a ring of protection from cold (right hand)
Wands
 a - a wand of disintegration (23)
 n - a wand of iceblast (6)
 B - a wand of enslavement (24)
 E - a wand of acid (6)
Scrolls
 e - a scroll of fog
 i - a scroll of amnesia {unknown}
 p - a scroll of enchant weapon
 q - 4 scrolls of magic mapping
 r - a scroll of fear
 y - 2 scrolls of remove curse
 C - a scroll of identify
Potions
 g - 2 potions of might {unknown}
 h - a potion of degeneration {unknown}
 j - 2 potions of brilliance
 l - a potion of magic {unknown}
 s - 2 potions of haste {unknown}
 t - 2 potions of agility
 w - 3 potions of curing
 A - a potion of flight {unknown}
Books
 z - a book of Minor Magic

   Spells                             Type                      Level
   a - Magic Dart                     Conjuration                  1
   b - Blink                          Translocation                2
   c - Call Imp                       Summoning                    2
   d - Slow                           Hexes                        2
   e - Conjure Flame                  Conjuration/Fire             3
   f - Mephitic Cloud                 Conjuration/Poison/Air       3
Comestibles
 f - 10 rations


   Skills:
 + Level 7.4 Fighting
 + Level 10.1 Axes
 - Level 2.3 Throwing
 + Level 6.0 Armour
 + Level 6.6 Dodging
 - Level 1.1 Stealth
 - Level 1.3 Evocations


You had 8 spell levels left.
You didn't know any spells.

Dungeon Overview and Level Annotations

Branches:
Dungeon (8/15)             Temple (1/1) D:5
   Lair: D:8-11

Altars:
Ashenzari
Cheibriados
Dithmenos
Elyvilon
Fedhas
Gozag
Hepliaklqana
Kikubaaqudgha
Makhleb
Qazlal
Ru
Sif Muna
Trog
Uskayaw
Vehumet
Wu Jian
Yredelemnul
Zin
The Shining One


Innate Abilities, Weirdness & Mutations

You reflexively headbutt those who attack you in melee.
You have a pair of horns on your head.


Message History

You miss the crimson imp.
The crimson imp is moderately wounded.
The crimson imp misses you. You furiously retaliate!
You headbutt the crimson imp! You hit the crimson imp.
You freeze the crimson imp.
You kill the crimson imp!
Your Armour skill increases to level 6!
You slash the red ugly thing! You freeze the red ugly thing.
Your headbutt misses the red ugly thing.
The red ugly thing is lightly wounded.
The red ugly thing bites you!
You are engulfed in flames!!
The red ugly thing bites you.
You are engulfed in flames!!
* * * LOW HITPOINT WARNING * * *
You feel better.
The red ugly thing bites you but does no damage.
As you read the scroll of teleportation, it crumbles to dust.
You feel strangely unstable. The red ugly thing bites you!
* * * LOW HITPOINT WARNING * * *
You are engulfed in flames!!
You die...

<.............# ....
..............# .......
(.............# .......
..............# .......
..............# .......
..............#######.......
##.....#####................
.#.....# #................
.#.....# #....@u..........
.'.....# #................
.#.....# #................
.#.....# #................
.#.....# #................
.#.....# #................
######## .######............
......#............
......#.....#+#####


You could see a red ugly thing.

Vanquished Creatures
  An unseen horror (D:7)
  2 sky beasts (D:5)
  A phantom (D:4)
  The ghost of Faustar the Poker, an amateur MfAK of Lugonu (D:3)
  A bullfrog (D:6)
  A gnoll sergeant (D:6)
  4 scorpions
  6 killer bees (D:8)
  5 wights
  A howler monkey (D:4)
  3 crimson imps
  A centaur zombie (D:7)
  2 jellies
  An orc priest (D:4)
  A hound (D:5)
  Crazy Yiuf (D:2)
  A centaur skeleton (D:5)
  2 orc wizards
  An iguana (D:4)
  Terence (D:2)
  2 worker ants
  A killer bee zombie (D:5)
  A hound skeleton (D:7)
  6 gnolls
  12 adders
  A shadow imp (D:5)
  An ooze (D:2)
  3 worms
  2 dart slugs
  8 leopard geckos
  10 orcs
  8 giant cockroaches
  8 goblins
  9 hobgoblins
  4 jackals
  7 kobolds
  3 quokkas
  3 ball pythons
  12 bats
  3 frilled lizards
  A giant cockroach zombie (D:5)
  4 rats
  5 plants (D:1)
151 creatures vanquished.

Vanquished Creatures (others)
  A dart slug (D:4)
1 creature vanquished.

Grand Total: 152 creatures vanquished

Notes
Turn   | Place    | Note
-------+----------+-------------------------------------------
     0 | D:1      | yashaT the Minotaur Gladiator began the quest for the Orb.
     0 | D:1      | Reached XP level 1. HP: 18/18 MP: 0/0
   141 | D:1      | Reached skill level 4 in Axes
   142 | D:1      | Reached XP level 2. HP: 16/25 MP: 1/1
   426 | D:1      | Reached XP level 3. HP: 31/31 MP: 2/2
   636 | D:2      | You fall through a shaft!
   831 | D:3      | Reached XP level 4. HP: 25/38 MP: 3/3
  1129 | D:2      | Noticed Terence
  1134 | D:2      | Killed Terence
  1134 | D:2      | Reached skill level 5 in Axes
  1134 | D:2      | Reached skill level 1 in Armour
  1772 | D:2      | Found a runed door.
  1776 | D:2      | Noticed Crazy Yiuf
  1781 | D:2      | Killed Crazy Yiuf
  1781 | D:2      | Reached XP level 5. HP: 37/45 MP: 4/4
  2026 | D:3      | Noticed Faustar's ghost (amateur MfAK)
  2035 | D:3      | Killed Faustar's ghost
  2035 | D:3      | Reached skill level 6 in Axes
  2249 | D:4      | Reached XP level 6. HP: 48/52 MP: 5/5
  2574 | D:5      | Entered Level 5 of the Dungeon
  2574 | D:5      | Noticed a sky beast
  2824 | D:4      | Found a stormy altar of Qazlal.
  3104 | D:4      | Reached skill level 7 in Axes
  3105 | D:4      | Reached XP level 7. HP: 27/60 MP: 6/6
  3637 | D:4      | Found a sacrificial altar of Ru.
  3784 | D:5      | Reached skill level 5 in Fighting
  3988 | D:5      | Reached skill level 8 in Axes
  4220 | D:5      | Found a glowing golden altar of the Shining One.
  4267 | D:5      | Reached skill level 5 in Dodging
  4454 | D:5      | Reached XP level 8. HP: 58/69 MP: 7/7
  4469 | D:5      | Reached skill level 1 in Stealth
  4648 | D:5      | Found a staircase to the Ecumenical Temple.
  4663 | Temple   | Entered the Ecumenical Temple
  4984 | Temple   | Became a worshipper of Elyvilon the Healer
  5279 | D:5      | HP: 3/70 [wight/scimitar of slicing (6)]
  5279 | D:5      | HP: 1/70 [wight/scimitar of slicing (2)]
  5506 | D:6      | Reached skill level 1 in Evocations
  5510 | D:6      | Reached skill level 9 in Axes
  5847 | D:6      | Found an opulent altar of Gozag.
  6120 | D:6      | Reached * piety under Elyvilon
  6489 | D:7      | Found a blossoming altar of Fedhas.
  6683 | D:8      | Reached skill level 5 in Armour
  6829 | D:7      | Noticed an unseen horror
  6844 | D:7      | Killed an unseen horror
  6844 | D:7      | Reached skill level 10 in Axes
  6844 | D:7      | Reached XP level 9. HP: 27/79 MP: 8/8
  7030 | D:7      | Found an ornate altar of the Wu Jian Council.
  7090 | D:7      | Noticed a red ugly thing
  7103 | D:7      | Slain by a red ugly thing

Skill      XL: |  1  2  3  4  5  6  7  8  9 |
---------------+----------------------------+-----
Axes           | 4 5 6 7 8 10 | 10.1
Fighting       | 3 4 5 7 |  7.4
Dodging        | 4 5 6 |  6.6
Armour         | 1 2 3 4 5 6 |  6.0
Stealth        | 1 |  1.1
Evocations     | 1 |  1.3
Throwing       | |  2.3

Action                   |  1- 3 |  4- 6 |  7- 9 || total
-------------------------+-------+-------+-------++-------
Melee: War axe           |    78 |   159 |    57 ||   294
       Headbutt          |    10 |    33 |    33 ||    76
       Hand axe          |       |       |   127 ||   127
Throw: Throwing net      |       |     3 |       ||     3
Evoke: Wand              |       |       |     3 ||     3
  Use: Scroll            |     1 |    10 |     7 ||    18
       Potion            |       |       |     2 ||     2
 Stab: Sleeping          |       |     1 |       ||     1
  Eat: Ration            |       |     2 |     3 ||     5
       Chunk             |       |     4 |     1 ||     5
Armor: Leather armour    |    32 |    17 |    31 ||    80
Dodge: Dodged            |    86 |    80 |   128 ||   294
